[Event "Titled Tuesday Blitz July 20 2021"]
[White "Todorovic, Bojan"]
[Black "Obolentseva, Alexandra"]
[WhiteFideId "917087"]
[BlackFideId "24153648"]
[WhiteElo "2266"]
[BlackElo "2113"]
[Result "1/2-1/2"]
[Round "10"]
[TimeControl "180+1"]
[Date "2021.07.21"]
[WhiteClock "0:00:08"]
[BlackClock "0:00:24"]

1. d4 Nf6 2. c4 g6 3. Nc3 Bg7 4. e4 O-O 5. Nf3 d6 6. Be2 e5 7. O-O exd4 8. Nxd4 Re8 9. f3 c6 10. Bg5 Qc7 11. Kh1 Nbd7 12. Qd2 a6 13. Rad1 Ne5 14. f4 Ned7 15. Bf3 h6 16. Bh4 Nc5 17. Rfe1 Ne6 18. Bf2 Nxd4 19. Bxd4 Be6 20. c5 dxc5 21. Bxc5 Rad8 22. Bd6 Qc8 23. e5 Nd7 24. Ne4 Bxa2 25. Qa5 Bd5 26. Bc7 b6 27. Bxb6 Nxb6 28. Qxb6 Bxe4 29. Rxd8 Qxd8 30. Qxd8 Rxd8 31. Bxe4 Rd2 32. b3 Rb2 33. Re3 Bf8 34. g3 c5 35. Bd5 Rd2 36. Bc4 a5 37. e6 fxe6 38. Rxe6 Kg7 39. Ra6 Ra2 40. Ra7+ Kh8 41. Rf7 Bg7 42. Re7 Bd4 43. Re6 Kg7 44. Re7+ Kf8 45. Re6 Kg7 46. Re7+ Kf8 47. Re6 Ra1+ 48. Kg2 Ra2+ 49. Kh3 Kg7 50. Re7+ Kf8 51. Re6 Kg7 52. Re7+ Kf8 53. Re6 1/2-1/2


[Site "https://www.chess.com"]

[Event "Titled Tuesday Blitz July 20 2021"]
[White "Tomaszewski, Kacper"]
[Black "Janaszak, Dawid"]
[WhiteFideId "1127373"]
[BlackFideId "1119206"]
[WhiteElo "2162"]
[BlackElo "2332"]
[Result "1-0"]
[Round "10"]
[TimeControl "180+1"]
[Date "2021.07.21"]
[WhiteClock "0:00:13"]
[BlackClock "0:00:07"]

1. d4 Nf6 2. c4 g6 3. Nc3 Bg7 4. e4 O-O 5. Be2 c5 6. d5 d6 7. Be3 h5 8. h3 e6 9. Nf3 exd5 10. cxd5 Re8 11. Nd2 Na6 12. O-O Nc7 13. a4 b6 14. f4 Nfxd5 15. exd5 Rxe3 16. Nc4 Re7 17. f5 Bxf5 18. Rxf5 gxf5 19. Bxh5 Qd7 20. Qf3 Rae8 21. Kh2 Be5+ 22. Nxe5 Rxe5 23. Qg3+ Kf8 24. Qg5 Qe7 25. Qh6+ Kg8 26. Rf1 Qf8 27. Qf6 Qe7 28. Qh6 Nxd5 29. Nxd5 Rxd5 30. Rf3 f4 31. Rxf4 f5 32. Qg6+ Kf8 33. Qh6+ Kg8 34. Qg6+ Kf8 35. Rxf5+ Rxf5 36. Qxf5+ Kg7 37. Qg6+ Kf8 38. Qh6+ Kg8 39. Bxe8 Qxe8 40. Qxd6 Qxa4 41. Qg6+ Kf8 42. Qf6+ Ke8 43. h4 Qd4 44. Qxd4 cxd4 45. Kg3 a5 46. Kf4 b5 47. Ke4 a4 48. Kxd4 b4 49. Kc4 a3 50. bxa3 1-0


[Site "https://www.chess.com"]

[Event "Titled Tuesday Blitz July 20 2021"]
[White "Trakru, Rohun"]
[Black "Dzierzak, Radoslaw"]
[WhiteFideId "2097613"]
[BlackFideId "1161407"]
[WhiteElo "1746"]
[BlackElo "2019"]
[Result "0-1"]
[Round "10"]
[TimeControl "180+1"]
[Date "2021.07.21"]
[WhiteClock "0:00:08"]
[BlackClock "0:00:22"]

1. d4 Nf6 2. Bg5 e6 3. e4 h6 4. Bxf6 Qxf6 5. c3 d6 6. Bc4 g6 7. Ne2 Bg7 8. O-O O-O 9. f4 Qe7 10. e5 b6 11. Nd2 Bb7 12. Ng3 Nd7 13. Bd3 c5 14. Nde4 cxd4 15. Nxd6 Nc5 16. cxd4 Nxd3 17. Qxd3 Bd5 18. Rf2 Rfd8 19. Rc1 Qh4 20. Rc7 Rxd6 21. exd6 Rd8 22. d7 Qe7 23. Rfc2 Rxd7 24. Rxd7 Qxd7 25. Ne2 Bb7 26. Qc4 Kh7 27. h3 h5 28. Kh2 h4 29. b4 a6 30. Rc1 Ba8 31. Qc8 Qd5 32. Rg1 Qe4 33. Nc3 Qxf4+ 34. Kh1 Bxd4 35. Qxa8 Bxg1 36. Ne2 Qh2# 0-1


[Site "https://www.chess.com"]

[Event "Titled Tuesday Blitz July 20 2021"]
[White "Tronenkovs, Valdis"]
[Black "Rorrer, Grayson"]
[WhiteFideId "11601558"]
[BlackFideId "30944996"]
[WhiteElo "2232"]
[BlackElo "2122"]
[Result "0-1"]
[Round "10"]
[TimeControl "180+1"]
[Date "2021.07.21"]
[WhiteClock "0:00:02"]
[BlackClock "0:00:17"]

1. e4 c5 2. Ne2 d6 3. c3 Nf6 4. g3 Nc6 5. Bg2 e5 6. d4 cxd4 7. cxd4 g6 8. O-O Bg7 9. Nbc3 O-O 10. h3 Re8 11. Be3 a6 12. f4 exd4 13. Nxd4 Qb6 14. Nf5 Qxb2 15. Na4 Qa3 16. Bc1 Qb4 17. Nxg7 Kxg7 18. a3 Qa5 19. Bb2 Bd7 20. Nc3 Qb6+ 21. Rf2 Kg8 22. Qxd6 Re6 23. Qd3 Rd8 24. Qc2 Nd4 25. Qc1 Nb3 26. Qb1 Nxa1 27. Qxa1 Bc6 28. Kh2 Qxf2 29. Nd5 Nxd5 30. exd5 Bxd5 31. Qg1 Qxb2 0-1


[Site "https://www.chess.com"]

[Event "Titled Tuesday Blitz July 20 2021"]
[White "Vdovin, Vadim"]
[Black "Buchenau, Frank"]
[WhiteFideId "24107158"]
[BlackFideId "4604350"]
[WhiteElo "2406"]
[BlackElo "2255"]
[Result "1-0"]
[Round "10"]
[TimeControl "180+1"]
[Date "2021.07.20"]
[WhiteClock "0:00:08"]
[BlackClock "0:00:20"]

1. e4 e6 2. d4 d5 3. Nc3 Nf6 4. e5 Nfd7 5. Nce2 c5 6. c3 Nc6 7. Nf3 Be7 8. a3 b5 9. Nf4 cxd4 10. cxd4 Qa5+ 11. Bd2 Qb6 12. Be3 b4 13. Bd3 Ba6 14. O-O Bxd3 15. Qxd3 O-O 16. h4 Rfb8 17. Ng5 Nf8 18. Rfc1 Na5 19. a4 b3 20. Bd2 Nc4 21. Bc3 Rc8 22. Nh5 Bxg5 23. hxg5 Ng6 24. g3 Rc6 25. Kg2 Qb7 26. Rh1 Ra6 27. Rh2 Ncxe5 28. Qe2 Nd7 29. Rah1 e5 30. Nxg7 Kxg7 31. Rxh7+ Kg8 32. Qh5 Kf8 33. Qh6+ Ke7 34. Qg7 Rf8 35. R1h6 Ke8 36. Kg1 Rxa4 37. Rxg6 Ra1+ 38. Kh2 Qb5 39. Re6+ Kd8 40. Rd6 Qf1 41. Qxf8+ Kc7 42. Rxd7+ Kxd7 43. Rxf7+ Kc6 44. Qc5# 1-0


[Site "https://www.chess.com"]

[Event "Titled Tuesday Blitz July 20 2021"]
[White "Vivas Zamora, Fabian Ernesto"]
[Black "Wagner, Dinara"]
[WhiteFideId "3902480"]
[BlackFideId "24157570"]
[WhiteElo "1966"]
[BlackElo "2260"]
[Result "0-1"]
[Round "10"]
[TimeControl "180+1"]
[Date "2021.07.21"]
[WhiteClock "0:00:12"]
[BlackClock "0:00:25"]

1. c4 c5 2. Nf3 Nc6 3. d4 cxd4 4. Nxd4 Nf6 5. Nc3 g6 6. Nc2 Bg7 7. e4 d6 8. Be2 O-O 9. O-O Be6 10. Be3 Rc8 11. Qd2 Ng4 12. Bxg4 Bxg4 13. Bh6 Ne5 14. Bxg7 Kxg7 15. Ne3 Nxc4 16. Qd4+ e5 17. Qxa7 Nxe3 18. Qxe3 Be6 19. Rad1 Qe7 20. Nd5 Bxd5 21. Rxd5 Rc2 22. Qb3 Rfc8 23. g3 Qf6 24. Qxb7 Qf3 25. Rdd1 R8c4 26. Qd5 h5 27. Qxd6 Rxe4 28. Rd3 Qf5 29. Rb3 Re1 0-1


[Site "https://www.chess.com"]

[Event "Titled Tuesday Blitz July 20 2021"]
[White "Vukovic, Zdravko"]
[Black "Turgut, Aydin"]
[WhiteFideId "900877"]
[BlackFideId "2078791"]
[WhiteElo "2593"]
[BlackElo "2138"]
[Result "1-0"]
[Round "10"]
[TimeControl "180+1"]
[Date "2021.07.20"]
[WhiteClock "0:00:22"]
[BlackClock "0:00:09"]

1. e4 e5 2. d4 exd4 3. Nf3 Nc6 4. Nxd4 Nf6 5. Nxc6 bxc6 6. e5 Qe7 7. Qe2 Nd5 8. Nd2 g6 9. Ne4 Bg7 10. Bg5 Qxe5 11. f4 Qe6 12. c4 Ne7 13. O-O-O O-O 14. g4 d6 15. Re1 Re8 16. Qd2 Qxg4 17. h4 Be6 18. Bh3 Qf3 19. Bxe6 fxe6 20. h5 Nf5 21. hxg6 hxg6 22. Bf6 e5 23. Bxg7 Kxg7 24. Rh7+ Kf8 25. Ng5 Qg3 26. Rh3 Qxf4 27. Qxf4 exf4 28. Rh8+ Kg7 29. Rexe8 Rxe8 30. Rxe8 Kf6 31. Ne4+ Kf7 32. Rc8 Ke6 33. Rxc7 Nd4 34. Rxa7 d5 35. cxd5+ Kxd5 36. Ng5 Ke5 37. a4 Kf5 38. Nh3 Kg4 39. Nxf4 Kxf4 40. a5 g5 41. a6 g4 42. Rg7 Nb5 43. a7 Nxa7 44. Rxa7 g3 45. Rg7 Kf3 46. Kc2 Kf2 47. Kc3 g2 48. Kc4 Kf1 49. Kc5 Kg1 50. Kxc6 Kh1 51. Rxg2 Kxg2 52. b4 Kf3 1-0


[Site "https://www.chess.com"]

[Event "Titled Tuesday Blitz July 20 2021"]
[White "Wagner, Dennis"]
[Black "Trent, Lawrence"]
[WhiteFideId "24650684"]
[BlackFideId "408638"]
[WhiteElo "2355"]
[BlackElo "2474"]
[Result "0-1"]
[Round "10"]
[TimeControl "180+1"]
[Date "2021.07.20"]
[WhiteClock "0:00:06"]
[BlackClock "0:00:12"]

1. c4 b6 2. e4 Bb7 3. Nc3 e6 4. g3 Bb4 5. Nge2 Ne7 6. Bg2 O-O 7. O-O f5 8. d3 Bxc3 9. Nxc3 Nbc6 10. Be3 h6 11. h3 e5 12. f4 exf4 13. gxf4 d6 14. Kh2 Qd7 15. Qh5 Qe8 16. Qxe8 Raxe8 17. a3 fxe4 18. dxe4 Nf5 19. Bf2 Nfd4 20. Nd5 Rf7 21. b4 Ne6 22. Bg3 Ncd4 23. Ra2 Ref8 24. Rd1 c5 25. f5 Ng5 26. Bxd6 Re8 27. bxc5 bxc5 28. Bxc5 Ndf3+ 29. Bxf3 Nxf3+ 30. Kg2 Rxe4 31. Kxf3 Rxc4 32. Bxa7 Rxf5+ 33. Ke3 Bxd5 34. Rf2 Rh5 35. Kd2 Rxh3 36. Rg1 Rcc3 37. Bd4 Rcd3+ 38. Kc2 Rxd4 39. Kb2 Rc4 40. Rd2 Be6 41. Rd6 Bf5 42. Rd8+ Kh7 43. Rf8 Rc2+ 44. Kb1 Rg2+ 45. Rxf5 Rxg1+ 46. Kc2 Rg2+ 0-1


[Site "https://www.chess.com"]

[Event "Titled Tuesday Blitz July 20 2021"]
[White "Wieczorek, Zbigniew"]
[Black "Perez Gormaz, Matias"]
[WhiteFideId "1102001"]
[BlackFideId "3406342"]
[WhiteElo "2313"]
[BlackElo "2414"]
[Result "0-1"]
[Round "10"]
[TimeControl "180+1"]
[Date "2021.07.21"]
[WhiteClock "0:00:01"]
[BlackClock "0:00:05"]

1. c4 e6 2. Nc3 d5 3. cxd5 exd5 4. d4 c6 5. Nf3 Nf6 6. Bg5 Be7 7. Qc2 g6 8. e3 Bf5 9. Bd3 Bxd3 10. Qxd3 Nbd7 11. O-O O-O 12. Rab1 a5 13. a3 Re8 14. Ne5 Nxe5 15. dxe5 Nd7 16. Bxe7 Qxe7 17. f4 f6 18. Rbd1 Rad8 19. e4 d4 20. Qc4+ Qf7 21. Qxf7+ Kxf7 22. Rxd4 fxe5 23. fxe5+ Ke7 24. Rfd1 Nxe5 25. Rxd8 Rxd8 26. Rxd8 Kxd8 27. b3 Nd3 28. Kf1 Ke7 29. b4 axb4 30. axb4 Nxb4 31. Ke2 Kd6 32. Ke3 Ke5 33. Na4 Nc2+ 34. Kd3 Ne1+ 35. Ke2 Nxg2 36. Nc5 b5 37. Kf3 Ne1+ 38. Ke3 Nc2+ 39. Kd3 Nb4+ 40. Ke3 Nc2+ 41. Kd3 Ne1+ 42. Ke3 Ng2+ 43. Kf3 Nh4+ 44. Ke3 g5 45. Nd7+ Kd6 46. Nf8 h6 47. Nh7 b4 48. Nf6 c5 49. Ng4 h5 50. Nf6 b3 51. Kd3 Ke5 52. Nxh5 c4+ 53. Kc3 Kxe4 54. Ng3+ Kf4 55. Ne2+ Ke3 56. Nd4 Nf3 57. Nf5+ Kf4 58. Nd6 Ne5 59. Nb5 g4 60. Nd4 Nf3 61. Ne2+ Ke3 0-1


[Site "https://www.chess.com"]

[Event "Titled Tuesday Blitz July 20 2021"]
[White "Wilson, Elvin"]
[Black "Vyatkin, Dmitry"]
[WhiteFideId "2014874"]
[BlackFideId "4171900"]
[WhiteElo "2344"]
[BlackElo "2279"]
[Result "1/2-1/2"]
[Round "10"]
[TimeControl "180+1"]
[Date "2021.07.21"]
[WhiteClock "0:01:24"]
[BlackClock "0:01:18"]

1. c4 c5 2. g3 Nc6 3. Bg2 g6 4. Nc3 Bg7 5. e4 e6 6. Nge2 Nge7 7. O-O O-O 8. d3 d6 9. Be3 Nd4 10. Rb1 Nec6 11. a3 a5 12. h3 Rb8 13. Kh2 Bd7 14. f4 b5 15. cxb5 Nxb5 16. Nxb5 Rxb5 17. d4 cxd4 18. Nxd4 Nxd4 19. Bxd4 Bxd4 20. Qxd4 Qb6 21. Rfd1 Qxd4 22. Rxd4 Rb6 23. b4 Rfb8 24. Rbd1 axb4 25. axb4 Rxb4 26. Rxd6 Ba4 27. Rd8+ Kg7 28. Rxb8 Rxb8 29. Rd4 Bc6 30. Rc4 Ba8 31. Rc2 h5 32. e5 Bxg2 33. Kxg2 Rb3 34. h4 Ra3 35. Rd2 Rb3 36. Rc2 1/2-1/2


[Site "https://www.chess.com"]

[Event "Titled Tuesday Blitz July 20 2021"]
[White "Yaran, Siar"]
[Black "Sukandar, Irine Kharisma"]
[WhiteFideId "6323006"]
[BlackFideId "7101937"]
[WhiteElo "1977"]
[BlackElo "2313"]
[Result "1-0"]
[Round "10"]
[TimeControl "180+1"]
[Date "2021.07.21"]
[WhiteClock "0:00:07"]
[BlackClock "0:00:01"]

1. e4 e5 2. Nf3 Nc6 3. Bc4 Nf6 4. d3 h6 5. Nbd2 d6 6. a4 g5 7. h3 Be6 8. c3 Qe7 9. a5 a6 10. Qe2 Nh5 11. g3 O-O-O 12. b4 Bxc4 13. dxc4 Ng7 14. b5 Nb8 15. b6 c6 16. O-O Ne6 17. Ba3 Nc5 18. Bxc5 dxc5 19. Rfd1 Qe6 20. Kg2 Be7 21. Nf1 h5 22. N3h2 Qg6 23. Qf3 Nd7 24. Ne3 Nf6 25. Nf5 Rde8 26. Qd3 g4 27. h4 Bf8 28. Nf1 Be7 29. N1e3 Bf8 30. Rd2 Be7 31. Rad1 Qg8 32. Qe2 Qf8 33. Qd3 Rd8 34. Nxe7+ Qxe7 35. Nf5 Qf8 36. Nd6+ Kb8 37. Qe3 Qe7 38. Qxc5 Qe6 39. Qe3 Rd7 40. c5 Rhd8 41. Qg5 Ne8 42. Nxe8 1-0


[Site "https://www.chess.com"]

[Event "Titled Tuesday Blitz July 20 2021"]
[White "Zhigalko, Sergei"]
[Black "Rodriguez Hernandez, Luis Daniel"]
[WhiteFideId "13502956"]
[BlackFideId "3506770"]
[WhiteElo "2662"]
[BlackElo "2133"]
[Result "1-0"]
[Round "10"]
[TimeControl "180+1"]
[Date "2021.07.20"]
[WhiteClock "0:01:22"]
[BlackClock "0:01:04"]

1. e4 e5 2. Nf3 Nc6 3. Bc4 Nf6 4. d3 Bc5 5. O-O a6 6. c3 Ba7 7. Nbd2 O-O 8. Bb3 d6 9. h3 Be6 10. Re1 h6 11. Nf1 d5 12. exd5 Nxd5 13. Ng3 Qd6 14. Nh4 Nce7 15. Qh5 Nf4 16. Bxf4 exf4 17. Ngf5 Nxf5 18. Nxf5 Qc5 19. Rxe6 fxe6 20. Nxh6+ Kh7 21. Nf5+ 1-0


[Site "https://www.chess.com"]

[Event "Titled Tuesday Blitz July 20 2021"]
[White "Zubov, Alexander"]
[Black "Timofeev, Artyom"]
[WhiteFideId "14109409"]
[BlackFideId "4140419"]
[WhiteElo "2740"]
[BlackElo "2582"]
[Result "1/2-1/2"]
[Round "10"]
[TimeControl "180+1"]
[Date "2021.07.20"]
[WhiteClock "0:00:25"]
[BlackClock "0:00:23"]

1. d4 Nf6 2. c4 b6 3. f3 d5 4. cxd5 Nxd5 5. e4 Nf6 6. Nc3 e6 7. Bc4 Be7 8. Nge2 O-O 9. Be3 Ba6 10. Bxa6 Nxa6 11. Qa4 Nb4 12. O-O c5 13. a3 Nd3 14. Qb5 cxd4 15. Bxd4 Nf4 16. Rfd1 Nxe2+ 17. Nxe2 Qb8 18. a4 Rd8 19. Be3 Qc7 20. Rdc1 Qd7 21. Qxd7 Nxd7 22. Rc7 Bd6 23. Rc6 Ne5 24. Rc2 Rac8 25. Rac1 Rxc2 26. Rxc2 Kf8 27. Kf1 Ke8 28. f4 Ng4 29. Bd4 Bxf4 30. h3 Rxd4 31. Nxd4 Ne3+ 32. Ke2 Nxc2 33. Nxc2 Kd7 34. b4 Bd6 35. b5 Bc5 36. Ne1 f5 37. Kf3 g5 38. g4 Ke7 39. exf5 exf5 40. gxf5 Kf6 41. Kg4 h5+ 42. Kxh5 Kxf5 43. Nd3 Be7 44. Nf2 Kf4 45. Kg6 Ke3 46. Ng4+ Kd4 47. Nh6 Kc4 48. Nf7 Kb4 49. Nxg5 Kxa4 50. h4 Kxb5 51. h5 Ba3 52. Ne4 Bf8 53. Kf7 Bh6 54. Kg6 Bf8 55. Kf7 Bh6 56. Kg6 Bf8 1/2-1/2


[Site "https://www.chess.com"]

[Event "Titled Tuesday Blitz July 20 2021"]
[White "ketster"]
[Black "Baradaran, Arman"]
[BlackFideId "880515"]
[WhiteElo "2435"]
[BlackElo "2132"]
[Result "1-0"]
[Round "10"]
[TimeControl "180+1"]
[Date "2021.07.21"]
[WhiteClock "0:00:19"]
[BlackClock "0:00:03"]

1. d4 d5 2. c4 c6 3. Nf3 Nf6 4. g3 e6 5. Bh3 Nbd7 6. Bg2 Bd6 7. O-O O-O 8. b3 e5 9. dxe5 Nxe5 10. Bb2 Qe7 11. Nbd2 Bf5 12. Nd4 Bg6 13. cxd5 Nxd5 14. e4 Nd3 15. Qb1 Nxb2 16. Qxb2 Nc7 17. Nc4 Bc5 18. Rfe1 Rad8 19. Rad1 Nb5 20. Nf5 Bxf5 21. exf5 Qg5 22. Rxd8 Rxd8 23. Qe5 Bd4 24. Qe8+ Rxe8 25. Rxe8# 1-0


[Site "https://www.chess.com"]

[Event "Titled Tuesday Blitz July 20 2021"]
[White "tylityli"]
[Black "Tokman, Ariel"]
[BlackFideId "117420"]
[WhiteElo "2316"]
[BlackElo "2345"]
[Result "1/2-1/2"]
[Round "10"]
[TimeControl "180+1"]
[Date "2021.07.21"]
[WhiteClock "0:00:16"]
[BlackClock "0:00:15"]

1. d4 Nf6 2. c4 g6 3. Nc3 d5 4. cxd5 Nxd5 5. Bd2 Bg7 6. e4 Nb6 7. Be3 O-O 8. Bb5 Be6 9. Nf3 Nc4 10. O-O c6 11. Bxc4 Bxc4 12. Re1 Nd7 13. b3 Ba6 14. e5 f6 15. e6 Nb6 16. h4 Nd5 17. Ne4 b6 18. Rc1 Bb7 19. Qd2 f5 20. Nc3 Qd6 21. Bh6 Rf6 22. Bxg7 Kxg7 23. Ng5 h6 24. Nf7 Rxf7 25. exf7 Rf8 26. Qe2 Rxf7 27. Qe5+ Qxe5 28. dxe5 e6 29. Nxd5 exd5 30. f4 Re7 31. b4 Kf7 32. Kf2 Ke6 33. Ke3 Ba6 34. Kd4 Bc4 35. a4 Rc7 36. Red1 h5 37. Rxc4 dxc4 38. Kxc4 Rd7 39. Rxd7 Kxd7 40. Kd4 Ke6 41. Kc4 Kd7 42. Kd4 Ke6 43. Kc4 Kd7 1/2-1/2


[Site "https://www.chess.com"]

[Event "Titled Tuesday Blitz July 20 2021"]
[White "Ahmadzada, Ahmad"]
[Black "Taichman, Ori"]
[WhiteFideId "13413007"]
[BlackFideId "2804069"]
[WhiteElo "2226"]
[BlackElo "2227"]
[Result "1-0"]
[Round "11"]
[TimeControl "180+1"]
[Date "2021.07.20"]
[WhiteClock "0:00:24"]
[BlackClock "0:00:04"]

1. Nf3 Nf6 2. g3 g6 3. Bg2 Bg7 4. O-O O-O 5. b3 d6 6. Bb2 e5 7. d3 e4 8. dxe4 Nxe4 9. Bxg7 Kxg7 10. Nfd2 Nc5 11. c4 Nc6 12. Nc3 f5 13. Nd5 Ne5 14. Qc1 c6 15. Nc3 Qf6 16. Rd1 h5 17. b4 Ne6 18. f4 Ng4 19. h3 Qd4+ 20. Kh1 Nf2+ 21. Kh2 Ng4+ 22. hxg4 hxg4 23. e3 Rh8+ 24. Kg1 Qxe3+ 25. Kf1 Qxg3 26. Nde4 fxe4 27. Nxe4 Qxf4+ 28. Qxf4 Nxf4 29. Rxd6 Bf5 30. Ng3 Rad8 31. Rxd8 Rxd8 32. Re1 Rd2 33. Be4 Nh3 34. Re2 Rd1+ 35. Re1 Rd2 36. Re2 Rd1+ 37. Re1 Rxe1+ 38. Kxe1 Bxe4 39. Nxe4 Nf4 40. b5 cxb5 41. cxb5 Kf8 42. Kf2 Ke7 43. Kg3 Ne2+ 44. Kxg4 Nd4 45. a4 Ke6 46. Nc5+ Kf6 47. Nxb7 Nb3 48. a5 Ke7 49. a6 Kd7 50. b6 axb6 51. a7 Kc7 52. a8=Q Na5 53. Nxa5 1-0


[Site "https://www.chess.com"]

[Event "Titled Tuesday Blitz July 20 2021"]
[White "Altman, Joshua"]
[Black "Sargsyan, Anna M."]
[WhiteFideId "426210"]
[BlackFideId "13308130"]
[WhiteElo "1945"]
[BlackElo "2263"]
[Result "1-0"]
[Round "11"]
[TimeControl "180+1"]
[Date "2021.07.21"]
[WhiteClock "0:00:02"]
[BlackClock "0:00:01"]

1. d4 d5 2. c4 c6 3. cxd5 cxd5 4. Nf3 Nc6 5. Nc3 Nf6 6. Bf4 Bf5 7. e3 e6 8. Qb3 Bb4 9. Bb5 O-O 10. Bxc6 Bxc3+ 11. Qxc3 Rc8 12. Ne5 Ne4 13. Qa3 bxc6 14. f3 Nd6 15. O-O Nb5 16. Qa6 Nc7 17. Qxc6 f6 18. Nd7 Rf7 19. Nc5 Ne8 20. Qa6 e5 21. Bg3 Qb6 22. Qa3 Nd6 23. Na4 Qa6 24. Nc5 Qxa3 25. bxa3 Nc4 26. e4 dxe4 27. fxe4 Bg4 28. h3 Bh5 29. Rac1 Ne3 30. Rfe1 exd4 31. Bf2 Rfc7 32. Nd3 Rxc1 33. Rxc1 Rb8 34. Re1 Nc2 35. Rc1 Nxa3 36. Bxd4 Rd8 37. Rc3 Nb5 38. Rc5 Nxd4 39. Rxh5 Ne2+ 40. Kf2 Nc3 41. Nf4 Nxe4+ 42. Ke3 Ng3 43. Ra5 Nf1+ 44. Kf2 Nd2 45. Rxa7 Re8 46. Nd5 Ne4+ 47. Kg1 Ng5 48. Kh2 Re2 49. Nf4 Rb2 50. h4 Ne4 51. Ne6 g5 52. hxg5 fxg5 53. Rg7+ Kh8 54. Ra7 h5 55. Ra8+ Kh7 56. Ra4 Nf6 57. Nxg5+ Kg6 58. Ne6 Ng4+ 59. Kg3 Kf5 60. Nd4+ Kg6 61. Nf3 Rc2 62. Ra6+ Kg7 63. a4 Ra2 64. a5 Ne3 65. Ra7+ Kf8 66. a6 Rxg2+ 67. Kf4 Nd5+ 68. Ke5 Nb6 69. Kf6 Ke8 70. Rb7 Nd7+ 71. Kf5 1-0


[Site "https://www.chess.com"]

[Event "Titled Tuesday Blitz July 20 2021"]
[White "Ambartsumova, Karina"]
[Black "Mohammad Fahad, Rahman"]
[WhiteFideId "4166299"]
[BlackFideId "10207791"]
[WhiteElo "2262"]
[BlackElo "2323"]
[Result "0-1"]
[Round "11"]
[TimeControl "180+1"]
[Date "2021.07.21"]
[WhiteClock "0:00:16"]
[BlackClock "0:00:53"]

1. d4 Nf6 2. Nf3 d5 3. c4 c6 4. g3 Bf5 5. Qb3 Qb6 6. c5 Qxb3 7. axb3 e6 8. Nc3 Be7 9. b4 O-O 10. b5 cxb5 11. Nxb5 Nc6 12. Bd2 a6 13. Na3 Ne4 14. e3 e5 15. Be2 Bh3 16. Nc2 exd4 17. exd4 Bf6 18. Be3 Rfe8 19. Rg1 h5 20. Nd2 Bf5 21. O-O-O Nxf2 22. Rdf1 Bxc2 23. Rxf2 Rxe3 24. Kxc2 Nxd4+ 25. Kd1 a5 26. Bxh5 a4 27. Nb1 Rae8 28. Rd2 R8e5 29. Nc3 Rxh5 30. g4 Rhh3 31. Nxd5 Rd3 32. Nxf6+ gxf6 33. Rg2 Nb3 34. Rxd3 Rxd3+ 35. Kc2 Rd5 36. Kc3 Rxc5+ 37. Kb4 b5 38. h4 Rc4+ 39. Kxb5 Rf4 40. g5 fxg5 41. hxg5 Kg7 42. Rg3 Nd2 43. Rg2 Nc4 44. Kxa4 Ne3+ 0-1


[Site "https://www.chess.com"]

[Event "Titled Tuesday Blitz July 20 2021"]
[White "Aradhya, Garg"]
[Black "Ivanov, Mike"]
[WhiteFideId "25006746"]
[BlackFideId "2613158"]
[WhiteElo "2146"]
[BlackElo "2197"]
[Result "1-0"]
[Round "11"]
[TimeControl "180+1"]
[Date "2021.07.20"]
[WhiteClock "0:00:37"]
[BlackClock "0:00:03"]

1. d4 Nf6 2. c4 e6 3. Nf3 c5 4. d5 exd5 5. cxd5 d6 6. e4 g6 7. Bd3 Bg7 8. O-O O-O 9. h3 c4 10. Bxc4 Nxe4 11. Re1 Nf6 12. Nc3 a6 13. a4 Nbd7 14. Bf4 Qc7 15. Bd3 Nc5 16. Bc2 Nh5 17. Be3 Nd7 18. Rc1 Re8 19. Qd2 Nf8 20. Bd4 Bd7 21. g4 Bxd4 22. Qxd4 Ng7 23. Ne4 Kh8 24. Bd3 Qd8 25. Nxd6 Rxe1+ 26. Rxe1 Kg8 27. Nxb7 Qc7 28. Nc5 Rc8 29. Ne4 h5 30. Nf6+ Kh8 31. Ne5 Be8 32. d6 Qd8 33. Nxe8 Qxe8 34. Nxg6+ fxg6 35. Rxe8 1-0


[Site "https://www.chess.com"]

[Event "Titled Tuesday Blitz July 20 2021"]
[White "Araujo Filho, Luiz Antonio Coel"]
[Black "Skatchkov, Valery"]
[WhiteFideId "2130661"]
[BlackFideId "24195812"]
[WhiteElo "2253"]
[BlackElo "2199"]
[Result "0-1"]
[Round "11"]
[TimeControl "180+1"]
[Date "2021.07.21"]
[WhiteClock "0:00:03"]
[BlackClock "0:01:36"]

1. d4 Nf6 2. Nf3 b5 3. e3 a6 4. Bd3 Bb7 5. Nbd2 c5 6. c3 e6 7. Qe2 d5 8. dxc5 Bxc5 9. e4 dxe4 10. Nxe4 Nxe4 11. Bxe4 Qb6 12. O-O Nd7 13. Bc2 Nf6 14. Bg5 h6 15. Bh4 O-O-O 16. b4 Bd6 17. a4 g5 18. Bg3 Nd5 19. Ra3 Nf4 20. Bxf4 gxf4 21. axb5 axb5 22. Ra5 Rhg8 23. Be4 Bxe4 24. Qxe4 Kd7 25. Ne5+ Bxe5 26. Qxe5 Rg5 27. Qxf4 Ke7 28. g3 Rd3 29. Rfa1 Rgd5 30. Ra7+ Rd7 31. Qh4+ Ke8 32. Ra8+ Rd8 33. Qxh6 Qc6 34. Rxd8+ Rxd8 35. Qh8+ Ke7 36. Qh4+ Ke8 37. Qg5 Qxc3 38. Rf1 Qxb4 39. Qg8+ Qf8 40. Qg5 Rd5 41. Qf4 b4 42. Rb1 Rb5 43. Qd4 Qe7 44. Qh8+ Qf8 45. Qd4 b3 46. Qc4 Qb4 47. Qc8+ Ke7 48. Qc7+ Kf6 49. Qd8+ Kg7 50. Qg5+ Rxg5 0-1


[Site "https://www.chess.com"]

[Event "Titled Tuesday Blitz July 20 2021"]
[White "Arkell, Keith C"]
[Black "Khalafova, Narmin"]
[WhiteFideId "400270"]
[BlackFideId "13402625"]
[WhiteElo "2398"]
[BlackElo "2109"]
[Result "1-0"]
[Round "11"]
[TimeControl "180+1"]
[Date "2021.07.21"]
[WhiteClock "0:02:21"]
[BlackClock "0:01:01"]

1. d4 d5 2. Nf3 Nf6 3. c4 c6 4. Qc2 g6 5. Bf4 Bg7 6. e3 O-O 7. Nc3 Bg4 8. Ne5 Bf5 9. Qb3 Qb6 10. h3 Be6 11. c5 Qxb3 12. axb3 Nbd7 13. b4 Nxe5 14. Bxe5 Nd7 15. Bxg7 Kxg7 16. b5 f6 17. b4 Bf7 18. Kd2 e5 19. Be2 f5 20. bxc6 bxc6 21. Ra6 Rfb8 22. Rb1 Rc8 23. Rba1 Rc7 24. b5 cxb5 25. Nxb5 Rcc8 26. Rxa7 Rxa7 27. Rxa7 Nf6 28. Rxf7+ Kxf7 29. Nd6+ Ke6 30. Nxc8 Ne4+ 31. Ke1 1-0


[Site "https://www.chess.com"]

[Event "Titled Tuesday Blitz July 20 2021"]
[White "Asadli, Vugar"]
[Black "Narayanan.S.L"]
[WhiteFideId "13405764"]
[BlackFideId "5058422"]
[WhiteElo "2386"]
[BlackElo "2617"]
[Result "0-1"]
[Round "11"]
[TimeControl "180+1"]
[Date "2021.07.20"]
[WhiteClock "0:00:17"]
[BlackClock "0:00:13"]

1. e4 c5 2. Nc3 d6 3. Nf3 a6 4. d4 cxd4 5. Nxd4 Nf6 6. Qd3 Nbd7 7. Be2 e6 8. g4 Ne5 9. Qg3 b5 10. g5 Nfd7 11. f4 Nc4 12. Bxc4 bxc4 13. Be3 Bb7 14. f5 e5 15. Nde2 Qc7 16. Rd1 Be7 17. Nd5 Bxd5 18. Rxd5 Rb8 19. Bc1 Nb6 20. Rd1 Na4 21. b3 cxb3 22. axb3 Nb6 23. Nc3 Rc8 24. Rd3 d5 25. Nxd5 Nxd5 26. exd5 Qxc2 27. O-O O-O 28. d6 Bxd6 29. f6 g6 30. Rd5 Qc6 31. Rdd1 Bc5+ 32. Be3 h5 33. Qxe5 Bxe3+ 34. Qxe3 Rfe8 35. Qf3 Qc5+ 36. Kh1 Qxg5 37. Rg1 Qh6 38. Rd7 Rc1 39. Rdd1 Rxd1 40. Rxd1 Qg5 41. Rg1 Qh6 42. Qd5 Re6 43. Rf1 Qf8 44. Qd7 Qd6 45. Qxd6 Rxd6 46. Kg2 Kh7 47. Kg3 g5 48. Rf5 Kg6 49. Ra5 Rxf6 50. h4 g4 51. Rg5+ Kh6 52. Ra5 Rf3+ 53. Kg2 Rxb3 54. Rxa6+ Kg7 55. Ra5 Kg6 56. Rg5+ Kh6 57. Rf5 Rb7 58. Kg3 Rd7 59. Kf4 Rd3 60. Ke4 Rf3 61. Rxf3 gxf3 62. Kxf3 Kg6 63. Ke4 Kf6 64. Kf4 Ke6 65. Kg5 f5 66. Kxh5 Kf6 67. Kh6 f4 68. h5 f3 69. Kh7 f2 70. h6 f1=Q 71. Kh8 Qg2 72. h7 Qg7# 0-1


[Site "https://www.chess.com"]

[Event "Titled Tuesday Blitz July 20 2021"]
[White "Bartel, Michal"]
[Black "Derraugh, Geordie"]
[WhiteFideId "1119257"]
[BlackFideId "2603950"]
[WhiteElo "2271"]
[BlackElo "2132"]
[Result "0-1"]
[Round "11"]
[TimeControl "180+1"]
[Date "2021.07.21"]
[WhiteClock "0:01:41"]
[BlackClock "0:00:20"]

1. e4 c5 2. Ne2 e6 3. g3 Nc6 4. Bg2 Nf6 5. O-O d5 6. exd5 exd5 7. d4 Be6 8. Nbc3 cxd4 9. Nxd4 Bc5 10. Nxe6 fxe6 11. Re1 O-O 12. Rxe6 Bxf2+ 13. Kh1 d4 14. Ne4 Nd5 15. Nxf2 Rxf2 16. Bd2 Qd7 17. Re2 Rf7 18. Qg1 Raf8 19. Rae1 Nf6 20. h3 Nh5 21. Kh2 Qd6 22. Bxc6 bxc6 23. Re8 Nxg3 24. Rxf8+ Rxf8 25. Qg2 Ne4+ 26. Kg1 Nxd2 27. Qxd2 Qg3+ 28. Kh1 Rf2 0-1


[Site "https://www.chess.com"]